 Dungeon Crawl Stone Soup version 0.24-a0-769-g368c1644f8 (webtiles) character file.

Game seed: 7624269341456171035, levelgen mode: deterministic

55 Arixos the Scratcher (level 3, 0/15 HPs)
             Began as a Felid Transmuter on Oct 4, 2019.
             Succumbed to an adder's poison
             ... on level 2 of the Dungeon.
             The game lasted 00:06:36 (1467 turns).

Arixos the Scratcher (Felid Transmuter)             Turns: 1467, Time: 00:06:36

Health: 0/15       AC:  1    Str:  6    XL:     3   Next: 67%
Magic:  7/7        EV: 18    Int: 20    God:
Gold:   78         SH:  0    Dex: 16    Spells: 2/6 levels left
                                        Lives:  0   Deaths: 0

rFire    . . .     SeeInvis +     - Unarmed
rCold    . . .     Gourm    .   (shield unavailable)
rNeg     . . .     Faith    .   (armour unavailable)
rPois    .         Spirit   .   (helmet unavailable)
rElec    .         Reflect  .   (cloak unavailable)
rCorr    .         Harm     .   (gloves unavailable)
MR       .....                  (boots unavailable)
Stlth    ++........             (no amulet)
HPRegen  0.05/turn              (no ring)
MPRegen  0.10/turn              (no ring)

@: brilliant, lethally poisoned (0 -> -3), very slightly contaminated, hasted,
invisible, very quick
A: very small, no armour, no weapons or thrown items, stealth, claws 1, fangs 3,
see invisible, carnivore, speed 1, shaggy fur 1, slow metabolism 1, sharp paws
a: no special abilities


You were on level 2 of the Dungeon.
You were completely stuffed.

You visited 1 branch of the dungeon, and saw 2 of its levels.

You collected 78 gold pieces.

Inventory:

Missiles
 a - 29 arrows
Scrolls
 b - 2 scrolls of identify
 d - 2 scrolls of remove curse {unknown}
Comestibles
 c - 4 rations
 g - 7 chunks of flesh


   Skills:
 + Level 1.5 Fighting
 + Level 3.3 Dodging
 + Level 1.5 Stealth
 + Level 3.3 Unarmed Combat
 + Level 2.3 Spellcasting
 + Level 2.6 Transmutations
 + Level 0.1 Poison Magic


You had 2 spell levels left.
You knew the following spells:

 Your Spells              Type           Power        Failure   Level  Hunger
a - Beastly Appendage     Tmut           ###...       1%          1    #......
s - Spider Form           Tmut/Pois      ###.......   3%          3    ###....

Your spell library contained the following spells:

 Spells                   Type           Power        Failure   Level  Hunger
 Sticks to Snakes         Tmut           ###.....     1%          2    ##.....
 Ice Form                 Ice/Tmut       ###.....     10%         4    #####..
 Blade Hands              Tmut           ###.......   16%         5    ######.


Dungeon Overview and Level Annotations

Branches:
Dungeon (2/15)

Altars:


Innate Abilities, Weirdness & Mutations

You cannot wear armour.
You are incapable of wielding weapons or throwing items.
Your paws allow you to move quietly. (Stealth)
You have sharp claws.
You have razor-sharp teeth.
You have supernaturally acute eyesight. (SInv)
You are carnivorous and can eat meat at any time.
You cover ground quickly.
You are covered in fur. (AC +1)
You have a slow metabolism.
Your sharp claws are effective at attacking unaware monsters.


Message History

f - a potion of invisibility The bat hits you.
* * * LOW HITPOINT WARNING * * *
You fade into invisibility!
The bat closely misses you.
You are very lightly contaminated with residual magic.
A leopard gecko comes into view.
The bat barely misses you.
You see here a sapphire potion.
e - a sapphire potion
* * * LOW HITPOINT WARNING * * *
You feel sick. The bat barely misses you.
It was a potion of haste.
You feel yourself speed up. The bat closely misses you.
The bat completely misses you.
A dart slug comes into view.
The bat completely misses you.
Found 9 gold pieces and a plate armour.
The bat hits you.
* * * LOW HITPOINT WARNING * * *
You die...

#...รท.................
#....................[..
#####.#................%
#................$..
#.^.................
#...................
#.................#
#..........b......#
#...........@.....#
#.................##
#................#...
#....................
.............##.....
....w...##.. .....
....... .... .... .....#
###. ....


You could see a dart slug (sleeping) and a bat.

Vanquished Creatures
  2 adders (D:2)
  A dart slug (D:1)
  A leopard gecko (D:2)
  2 giant cockroaches (D:1)
  5 goblins (D:1)
  5 hobgoblins
  5 kobolds (D:1)
  3 bats (D:1)
  2 frilled lizards (D:1)
  7 rats
33 creatures vanquished.

Notes
Turn   | Place    | Note
-------+----------+-------------------------------------------
     0 | D:1      | Arixos the Felid Transmuter began the quest for the Orb.
     0 | D:1      | Reached XP level 1. HP: 9/9 MP: 4/4
   360 | D:1      | Reached XP level 2. HP: 12/12 MP: 4/6
   604 | D:1      | Reached skill level 1 in Stealth
  1245 | D:1      | Reached XP level 3. HP: 15/15 MP: 5/7
  1430 | D:2      | Learned a level 3 spell: Spider Form
  1467 | D:2      | Succumbed to an adder's poison

Levels and vault maps discovered:
D:1:      dpeg_arrival_connections, layout_basic
D:2:      layout_rooms

Skill      XL: |  1  2 |
---------------+-------+-----
Stealth        | 1 |  1.5
Dodging        | 3 |  3.3
Fighting       | |  1.5
Unarmed Combat | |  3.3
Spellcasting   | |  2.3
Transmutations | |  2.6
Poison Magic   | |  0.1

Action                   || total
-------------------------++-------
Melee: Unarmed           ||   111
       Headbutt          ||    11
       Bite              ||     6
       Punch             ||     1
 Cast: Beastly Appendage ||    20
  Use: Potion            ||     3
       Scroll            ||     1
 Stab: Sleeping          ||     6
  Eat: Chunk             ||     9
Armor: Skin              ||     6
Dodge: Dodged            ||    88

Table legend:
 A = Non-vault XP
 B = Vault XP
 C = Vault XP percentage of total XP
 D = Non-vault monster count
 E = Vault monster count
 F = Vault count percentage of total count
                 A         B        C        D         E       F
            +---------+---------+-------+---------+---------+-------
      Total |      79 |       0 |   0.0 |      33 |       0 |   0.0
            +---------+---------+-------+---------+---------+-------
        D:1 |      46 |       0 |   0.0 |      28 |       0 |   0.0
        D:2 |      33 |       0 |   0.0 |       5 |       0 |   0.0
            +---------+---------+-------+---------+---------+-------
